Map: Frost LE

Players

Kelazhur

  • Race: Terran Terran

JonSnow - Winner!

  • Race: Zerg Zerg
  • League: Grandmaster

Event: SpawningTool Invitational 1

VOD

https://www.youtube.com/watch?v=y051JGJX31k

Description

Time

  • Played on: May 30, 2016, 8:48 p.m.
  • Length: 10:57

All games in this series

Show
View Real Time Build Order
Export as new Build Order

Kelazhur Terran 

Build Orders: Reaper Expand, MMM Bio 

Get SALT Encoding   

  12  0:01  SCV  
  13  0:13  SCV  
  14  0:17  Supply Depot  
  14  0:25  SCV  
  15  0:39  SCV  
  15  0:40  Barracks  
  16  0:44  Refinery  
  16  0:51  SCV  
  17  1:03  SCV  
  18  1:15  SCV  
  19  1:27  Reaper, Orbital Command  
  20  1:40  Command Center  
  20  1:48  Supply Depot  
  20  1:53  SCV  
  21  1:56  Refinery  
  21  2:00  Barracks Reactor  
  21  2:05  SCV  
  22  2:18  SCV  
  22  2:19  Bunker  
  23  2:24  Factory  
  23  2:34  SCV  
  24  2:37  Marine x2  
  26  2:46  SCV  
  27  2:53  Orbital Command  
  27  2:55  Marine x2  
  29  2:58  SCV  
  30  3:09  Starport, Factory Tech Lab  
  30  3:10  SCV  
  31  3:15  Marine x2  
  33  3:21  Supply Depot, SCV  
  34  3:27  SCV  
  34  3:28  Widow Mine  
  34  3:34  Marine x2  
  37  3:35  SCV  
  39  3:45  Medivac, SCV  
  42  3:52  Marine x2  
  42  3:53  Supply Depot  
  44  3:56  SCV  
  44  3:58  Siege Tank  
  44  4:00  SCV  
  49  4:08  SCV  
  50  4:15  Marine x2  
  55  4:17  Supply Depot  
  55  4:18  SCV  
  55  4:20  Medivac  
  55  4:22  SCV  
  56  4:26  Supply Depot  
  56  4:30  SCV  
  56  4:34  Marine x2, SCV  
  59  4:42  SCV  
  60  4:47  SCV  
  61  4:54  SCV  
  61  4:59  SCV  
  63  5:02  Command Center  
  63  5:06  SCV  
  62  5:08  Factory Reactor  
  62  5:11  Engineering Bay, Barracks, SCV  
  62  5:12  Engineering Bay  
  62  5:13  Barracks  
  63  5:18  SCV  
  63  5:21  Refinery  
  64  5:22  Refinery  
  64  5:23  SCV  
  64  5:25  Marine  
  64  5:26  Stimpack  
  66  5:30  SCV  
  66  5:32  Supply Depot  
  66  5:35  SCV  
  59  5:42  SCV  
  59  5:46  Marine  
  59  5:47  SCV  
  59  5:48  Starport Reactor  
  59  5:51  Terran Infantry Weapons Level 1, Terran Infantry Armor Level 1, Barracks x2  
  59  5:55  SCV  
  60  5:57  Supply Depot  
  60  5:59  SCV  
  60  6:00  Marine x2  
  60  6:01  Factory Tech Lab  
  63  6:07  SCV  
  64  6:12  Marine  
  64  6:13  Marine, SCV  
  64  6:16  Marauder, Orbital Command  
  69  6:19  SCV  
  69  6:21  Marine x2  
  69  6:22  Siege Tank  
  75  6:26  Medivac, SCV, Armory  
  75  6:27  Medivac  
  75  6:32  Supply Depot, SCV  
  81  6:35  Marine x2  
  81  6:37  Marauder  
  81  6:39  Marine x2  
  87  6:46  Barracks Reactor  
  87  6:47  Barracks Reactor, SCV x2  
  89  6:55  Marine x2  
  89  6:56  Medivac  
  89  6:57  Medivac  
  89  6:58  Marine  
  89  6:59  Marine, SCV x2  
  99  7:09  Marauder  
  99  7:10  Supply Depot, Siege Tank  
  99  7:11  Supply Depot, SCV x2  
  106  7:17  Marine x2  
  106  7:18  Marine  
  109  7:23  Supply Depot, Marine x3, SCV  
  109  7:24  Orbital Command  
  109  7:27  Medivac x2  
  117  7:30  Combat Shields  
  117  7:31  SCV  
  117  7:34  Marine  
  117  7:35  Supply Depot, Marauder  
  120  7:38  SCV  
  120  7:39  Marine x3  
  120  7:42  Marine x2  
  126  7:45  Marine x2  
  126  7:47  SCV  
  126  7:48  Orbital Command  
  129  7:51  Terran Infantry Weapons Level 2  
  129  7:53  SCV  
  129  8:04  Marauder  
  123  8:08  SCV x2  
  123  8:14  SCV  
  123  8:18  Marine x6  
  125  8:20  SCV x2  
  125  8:26  Terran Infantry Armor Level 2, SCV  
  128  8:28  Refinery, Siege Tank  
  128  8:30  Marine x2, Marauder  
  128  8:31  Medivac  
  128  8:32  SCV x2  
  139  8:36  Medivac  
  139  8:38  SCV  
  139  8:39  Marine x5  
  147  8:44  SCV  
  148  8:49  Concussive Shells  
  148  8:51  SCV  
  148  8:52  Marine, Marauder  
  148  8:53  Marine, SCV  
  148  8:57  Marine x4  
  148  9:00  SCV  
  148  9:01  Marine  
  148  9:11  Command Center  
  148  9:14  Barracks  
  148  9:16  Barracks  
  148  9:17  Supply Depot, Barracks  
  148  9:18  Supply Depot x2  
  148  9:22  Marine  
  148  9:23  Marine x6, Marauder  
  156  9:32  Marine  
  156  9:38  Siege Tank  
  156  9:40  Marine  
  156  9:41  Marine x3  
  156  9:44  Marauder  
  152  9:47  Marine  
  152  9:48  Marine  
  152  9:52  Marine  
  128  9:53  SCV  
  128  9:54  Marine  
  128  9:58  Marine  
  128  9:59  Marine x3  
  122  10:05  Marine, Marauder, SCV  
  109  10:08  Marine x4  
  109  10:10  Marine  
  109  10:12  SCV  
  112  10:16  Siege Tank  
  115  10:22  Marine x3  
  115  10:27  Marauder  
  115  10:28  Marine  
  121  10:31  Marine x5  
  123  10:42  SCV x3  
Show
View Real Time Build Order
Export as new Build Order

JonSnow Zerg - Winner!

Build Orders: Hatch First 

Get SALT Encoding   

  12  0:00  Drone  
  13  0:15  Overlord  
  13  0:17  Drone  
  14  0:33  Drone  
  14  0:34  Drone  
  16  0:38  Drone  
  17  0:53  Hatchery  
  17  0:56  Drone  
  17  1:01  Drone  
  18  1:05  Extractor  
  17  1:14  Spawning Pool  
  17  1:17  Drone  
  17  1:26  Overlord  
  17  1:34  Drone  
  18  1:41  Drone  
  19  2:01  Queen  
  19  2:02  Zergling x2  
  19  2:05  Queen  
  19  2:06  Zergling x2  
  25  2:10  Metabolic Boost  
  25  2:12  Drone  
  26  2:17  Zergling x2  
  26  2:21  Drone  
  28  2:25  Drone  
  28  2:27  Drone  
  29  2:37  Queen  
  29  2:42  Drone x2  
  33  2:52  Pneumatized Carapace  
  33  2:54  Drone x2  
  35  3:01  Overlord  
  35  3:05  Overlord  
  35  3:11  Overlord  
  35  3:18  Overlord  
  35  3:26  Drone x6  
  41  3:35  Drone  
  41  3:39  Drone  
  43  3:50  Roach Warren, Hatchery  
  43  3:55  Drone x4  
  45  3:59  Drone x2  
  47  4:05  Drone x3  
  50  4:11  Extractor  
  50  4:12  Overlord  
  50  4:13  Extractor  
  50  4:17  Overlord  
  48  4:29  Queen  
  50  4:32  Roach x5  
  50  4:38  Lair  
  60  4:40  Drone, Spore Crawler  
  60  4:41  Drone  
  60  4:57  Drone  
  60  4:58  Drone x3  
  60  4:59  Ravager  
  64  5:00  Ravager  
  64  5:03  Drone  
  64  5:04  Drone  
  67  5:15  Drone x4  
  67  5:17  Roach  
  67  5:19  Ravager, Evolution Chamber  
  67  5:21  Evolution Chamber  
  72  5:23  Roach  
  72  5:26  Overlord  
  72  5:27  Overlord  
  73  5:40  Drone  
  69  5:45  Drone x3  
  69  5:49  Zerg Missile Weapons Level 1, Zerg Ground Armor Level 1  
  71  5:53  Drone  
  71  5:54  Drone x6  
  78  5:57  Drone x3  
  78  5:59  Glial Reconstitution  
  78  6:00  Extractor  
  78  6:02  Drone x3  
  78  6:04  Drone  
  84  6:08  Roach x2  
  84  6:10  Overlord  
  88  6:13  Extractor  
  88  6:14  Extractor  
  88  6:15  Ravager  
  88  6:16  Overseer  
  87  6:20  Zergling x2  
  87  6:21  Overlord  
  87  6:24  Drone x2  
  87  6:25  Overlord x2  
  90  6:29  Roach x2  
  90  6:31  Roach  
  90  6:32  Roach  
  98  6:40  Roach  
  98  6:41  Roach x3  
  98  6:44  Overlord  
  98  6:45  Overlord  
  98  6:46  Roach  
  98  6:47  Roach  
  110  6:49  Ravager  
  110  6:52  Roach  
  110  6:53  Roach x2  
  117  6:56  Roach x2  
  117  6:59  Overlord  
  117  7:00  Overlord  
  121  7:02  Overlord  
  121  7:04  Roach  
  121  7:06  Roach  
  125  7:09  Roach  
  125  7:14  Overlord  
  127  7:16  Drone x3  
  127  7:17  Drone  
  127  7:20  Drone  
  132  7:23  Roach x3  
  132  7:25  Ravager x2  
  140  7:32  Hatchery  
  138  7:39  Roach x6  
  138  7:44  Overlord  
  150  7:46  Ravager x3  
  150  7:49  Roach x3  
  159  7:55  Roach x2  
  161  8:07  Roach x4  
  169  8:15  Overlord, Roach x4  
  177  8:20  Zerg Missile Weapons Level 2  
  177  8:27  Overlord x3  
  177  8:34  Overlord  
  177  8:37  Overlord  
  179  8:41  Roach x3  
  179  8:45  Roach x2  
  185  8:52  Overlord  
  183  8:56  Roach x4  
  173  9:06  Roach  
  173  9:07  Roach x4  
  182  9:14  Roach x2  
  186  9:18  Roach x4  
  186  9:20  Infestation Pit, Ravager x2  
  186  9:21  Ravager  
  196  9:30  Roach x2  
  176  9:47  Roach x3  
  176  9:48  Roach  
  176  9:52  Roach x4  
  163  9:53  Roach  
  145  10:01  Roach x4  
  145  10:02  Roach x5  
  154  10:10  Roach  
  154  10:11  Roach x2  
  154  10:12  Overseer  
  160  10:18  Drone  
  161  10:24  Ravager  
  161  10:25  Zergling x2, Roach x2  
  161  10:27  Extractor  
  168  10:29  Extractor  
  168  10:30  Zergling x4  
  165  10:38  Zergling x6  
  140  10:54  Hatchery  
Tags
 
Add a new tag
Caveats
  • Supply blocks, unpowered buildings, or Contaminate may cause inaccurate times.
  • Supply counts are checked every 10 seconds.